National vs Inferno (R1)

Created - 9 septembre 2014 at 19:35

Simulating a Pre-Season

Goals
1 2 3 T
National 0 4 2 6
Inferno 4 0 0 4
Shots
1 2 3 T
National 5 18 6 29
Inferno 13 6 13 32

1st period

1. Inferno , Mark Mitera 1 (Alex Berry, Cal O'Reilly) at 1:17
2. Inferno , Jonathan Ferland 1 (Brian Boyle, Andrej Sekera) at 2:32 (SH)
3. Inferno , Brad Marchand 1 (Colin Wilson, Brendan Mikkelson) at 15:32
4. Inferno , Colin Wilson 1 (Jonathan Ferland, Andrej Sekera) at 15:44

Penalties :
Pavel Vorobiev (Anc) for Hooking (Minor) at 1:46, Dustin Kohn (Que) for Tripping (Minor) at 4:13, David Ullstrom (Anc) for Slashing (Minor) at 7:01, Dustin Kohn (Que) for Holding (Minor) at 11:07, Andrej Sekera (Anc) for Fighting (Major) at 15:45, Mikael Backlund (Que) for Fighting (Major) at 15:45, Colin Wilson (Anc) for High sticking (Minor) at 19:02

2nd period

5. National , Guillaume Desbiens 1 (Mikael Backlund) at 1:00 (PP)
6. National , Mikael Backlund 1 (Guillaume Desbiens, Rico Fata) at 4:30
7. National , Mikael Backlund 2 (Rico Fata, Guillaume Desbiens) at 10:18
8. National , Rico Fata 1 (Mikael Backlund, Dustin Kohn) at 19:20 (PP)

Penalties :
Guillaume Desbiens (Que) for High sticking (Minor) at 10:24, Brad Marchand (Anc) for Hooking (Minor) at 16:13, Brad Marchand (Anc) for Hooking (Minor) at 19:05

3rd period

9. National , Mikael Backlund 3 (Rico Fata, Guillaume Desbiens) at 0:10
10. National , Cédric Lalonde-McNicoll 1 (Ty Wishart, Mikael Backlund) at 1:53

Penalties :
Dustin Kohn (Que) for Tripping (Minor) at 6:05, Pat Dwyer (Que) for Tripping (Minor) at 8:48, Pasi Salonen (Que) for Hooking (Minor) at 11:43

Goalie Stats

Tyler Plante (Que), 21 saves from 21 shots - (1,000), W, 1-0-0, 44:16 minutes
Keith Kinkaid (Que), 7 saves from 11 shots - (0,636), 15:44 minutes
Jonathan Boutin (Anc), 3 saves from 3 shots - (1,000), 18:07 minutes
Josh Harding (Anc), 20 saves from 26 shots - (0,769), L, 0-1-0, 41:53 minutes

Players Stats for National

Player Name              G  A  P  +/- PIM S  H  SB GA TA FO     MP     PP MP  PK MP  
------------------------------------------------------------------------------------
Cédric Lalonde-McNicoll  1  0  1   0  0   1  0  0  0  0  0/1     6:26   0:00   0:00 
Chris Mueller            0  0  0   0  0   0  0  1  0  0  2/10    8:50   0:00   0:00 
David Desharnais         0  0  0  -2  0   2  2  0  0  0  6/7    14:37   3:15   1:04 
Denis Bodrov             0  0  0  -2  0   0  1  2  1  0  0/0    27:51   5:25   6:19 
Dustin Kohn              0  1  1  -2  6   2  4  1  2  1  0/0    25:02   5:25   3:08 
Erik Gustafsson          0  0  0   0  0   1  0  1  0  0  0/0    11:02   0:00   0:14 
Guillaume Desbiens       1  3  4   2  2   4  6  2  1  0  2/3    22:38   4:55   3:13 
Igor Makarov             0  0  0   0  0   2  0  0  0  0  0/0     6:26   0:00   0:00 
Johannes Salmonsson      0  0  0   0  0   2  2  0  0  0  3/5    12:26   1:38   0:40 
Jonathan Cheechoo        0  0  0  -2  0   1  4  1  0  1  0/0    18:03   3:15   3:47 
Kristoffer Berglund      0  0  0   0  0   0  0  0  0  0  0/0    14:04   0:00   2:56 
Magnus Paajarvi-Svensson 0  0  0   0  0   0  0  0  0  0  1/1     8:29   0:00   2:02 
Mikael Backlund          3  3  6   2  5   3  0  1  2  2  11/24  15:55   3:17   0:00 
Pasi Salonen             0  0  0  -2  2   3  6  0  0  0  0/0    18:37   3:15   4:57 
Pat Dwyer                0  0  0   0  2   2  0  0  1  0  0/0    11:41   0:00   2:31 
Philip Larsen            0  0  0   2  0   2  2  1  0  0  0/0    20:51   2:45   5:35 
Rico Fata                1  3  4   2  0   2  0  0  1  1  6/11   23:51   4:55   5:34 
Ty Wishart               0  1  1   2  0   2  3  1  0  0  0/0    21:10   2:45   5:36 

Players Stats for Inferno

Player Name              G  A  P  +/- PIM S  H  SB GA TA FO     MP     PP MP  PK MP  
------------------------------------------------------------------------------------
Alex Berry               0  1  1   0  0   2  1  1  0  0  0/0     9:15   0:02   0:00 
Andrej Meszaros          0  0  0  -1  0   3  1  1  0  1  0/0    28:11   6:17   5:44 
Andrej Sekera            0  2  2  -1  5   1  2  1  1  2  0/0    25:08   6:17   4:02 
Brad Marchand            1  0  1   0  4   3  1  1  0  0  2/3    20:36   5:50   2:04 
Brendan Mikkelson        0  1  1   1  0   3  2  1  0  1  0/0    24:49   5:37   4:16 
Brian Boyle              0  1  1   1  0   1  1  1  0  0  6/13   13:57   0:00   5:05 
Cal O'Reilly             0  1  1   0  0   1  0  0  1  0  2/6     9:14   0:07   0:17 
Colin Wilson             1  1  2   0  2   1  0  0  1  0  17/29  18:28   5:50   0:00 
David Ullstrom           0  0  0   0  2   0  0  0  0  0  0/0     7:57   0:00   0:00 
Jonathan Ferland         1  1  2   1  0   4  2  0  0  1  1/4    23:46   5:50   5:06 
Mark Mitera              1  0  1   1  0   3  1  0  0  0  0/0    12:41   0:00   2:26 
Matt Kassian             0  0  0   0  0   1  2  0  0  0  1/1     9:16   0:02   0:07 
Pavel Vorobiev           0  0  0  -1  2   3  1  1  0  0  0/0     9:47   0:00   0:00 
Ryan McGinnis            0  0  0   0  0   0  0  0  0  1  0/0    10:08   0:00   0:00 
Stephane Veilleux        0  0  0  -1  0   4  1  0  1  0  0/0    16:59   6:02   0:53 
Vladimir Sobotka         0  0  0  -1  0   2  1  0  0  1  2/6    18:48   6:02   2:48 
Vladimir Zharkov         0  0  0   0  0   0  2  0  1  1  0/0    13:42   5:57   0:00 
Yannick Weber            0  0  0   0  0   0  0  0  0  0  0/0    19:10   5:37   0:00 

3 Stars

1 - Mikael Backlund (Que)
2 - Guillaume Desbiens (Que)
3 - Rico Fata (Que)

Power Play

National - 2 on 5 Attempt(s) - 40,00%
Inferno - 0 on 6 Attempt(s) - 0,00%

Penalty Kill

National - 6 on 6 Attempt(s) - 100,00% - Score 0 goal in Penalty Kill
Inferno - 3 on 5 Attempt(s) - 60,00% - Score 1 goal in Penalty Kill

Official

Referees : VanMassenhoven Don and Rehman Kyle
Linesman : Don Henderson and Brian Mach

Game Notes

Tyler Plante enters game at 15:44 of 1st period
Andrej Sekera and Mikael Backlund fight to a draw at 15:45 of 1st period
Mikael Backlund has scored a Hat Trick!
Jonathan Boutin enters game at 1:53 of 3rd period

National

5 vs 5 Forward 
   Center                   Left Wing                Right Wing               Time % Phy DF OF 
 1 Mikael Backlund          Rico Fata                Guillaume Desbiens       40     1   2  2  
 2 David Desharnais         Pasi Salonen             Jonathan Cheechoo        30     1   2  2  
 3 Chris Mueller            Johannes Salmonsson      Pat Dwyer                20     1   2  2  
 4 Cédric Lalonde-McNicoll  Magnus Paajarvi-Svensson Igor Makarov             10     1   2  2  

5 vs 5 Defense 
   Defense                  Defense                                           Time % Phy DF OF 
 1 Dustin Kohn              Denis Bodrov                                      40     1   2  2  
 2 Philip Larsen            Ty Wishart                                        30     1   2  2  
 3 Erik Gustafsson          Kristoffer Berglund                               20     1   2  2  
 4 Dustin Kohn              Denis Bodrov                                      10     1   2  2  

PowerPlay Forward 
   Center                   Left Wing                Right Wing               Time % Phy DF OF 
 1 Mikael Backlund          Rico Fata                Guillaume Desbiens       60     1   2  2  
 2 David Desharnais         Pasi Salonen             Jonathan Cheechoo        40     1   2  2  

PowerPlay Defense
   Defense                  Defense                                           Time % Phy DF OF 
 1 Dustin Kohn              Denis Bodrov                                      60     1   2  2  
 2 Philip Larsen            Ty Wishart                                        40     1   2  2  

Penalty Kill 4 Players Forward 
   Center                   Wing                     Time % Phy DF OF 
 1 Rico Fata                Pasi Salonen             60     1   2  2  
 2 Guillaume Desbiens       Jonathan Cheechoo        40     1   2  2  

Penalty Kill 4 Players Defense
   Defense                  Defense                  Time % Phy DF OF 
 1 Dustin Kohn              Denis Bodrov             60     1   2  2  
 2 Philip Larsen            Ty Wishart               40     1   2  2  

Penalty Kill - 3 Players Forward 
   Forward                                           Time % Phy DF OF 
 1 Rico Fata                                         60     1   2  2  
 2 Pasi Salonen                                      40     1   2  2  

Penalty Kill - 3 Players Defense
   Defense                  Defense                  Time % Phy DF OF 
 1 Dustin Kohn              Denis Bodrov             60     1   2  2  
 2 Philip Larsen            Ty Wishart               40     1   2  2  

4 vs 4 Forward 
   Center                   Wing                     Time % Phy DF OF 
 1 Rico Fata                Pasi Salonen             60     1   2  2  
 2 Guillaume Desbiens       Jonathan Cheechoo        40     1   2  2  

4 vs 4 Defense
   Defense                  Defense                  Time % Phy DF OF 
 1 Dustin Kohn              Denis Bodrov             60     1   2  2  
 2 Philip Larsen            Ty Wishart               40     1   2  2  

Last Minutes Offensive
   Center                   Left Wing                Right Wing               Defense                  Defense                  
   Mikael Backlund          Rico Fata                Guillaume Desbiens       Dustin Kohn              Denis Bodrov             

Last Minutes Defensive
   Center                   Left Wing                Right Wing               Defense                  Defense                  
   Mikael Backlund          Rico Fata                Guillaume Desbiens       Dustin Kohn              Denis Bodrov             

Goaltenders
Starting : Keith Kinkaid            
Backup : Tyler Plante             

Extra Forwards
Normal : Johannes Salmonsson, Chris Mueller, Pat Dwyer - PP : Johannes Salmonsson, Chris Mueller - PK : Pat Dwyer
Extra Defensemen
Normal : Erik Gustafsson, Kristoffer Berglund, Philip Larsen - PP : Erik Gustafsson - PK : Kristoffer Berglund, Philip Larsen
Penalty Shots
Rico Fata, Pasi Salonen, Guillaume Desbiens, Jonathan Cheechoo, Johannes Salmonsson

Inferno

5 vs 5 Forward 
   Center                   Left Wing                Right Wing               Time % Phy DF OF 
 1 Colin Wilson             Brad Marchand            Jonathan Ferland         40     1   2  2  
 2 Vladimir Sobotka         Stephane Veilleux        Pavel Vorobiev           30     1   2  2  
 3 Brian Boyle              David Ullstrom           Vladimir Zharkov         20     1   2  2  
 4 Cal O'Reilly             Matt Kassian             Alex Berry               10     1   2  2  

5 vs 5 Defense 
   Defense                  Defense                                           Time % Phy DF OF 
 1 Andrej Meszaros          Andrej Sekera                                     40     1   2  2  
 2 Brendan Mikkelson        Yannick Weber                                     30     1   2  2  
 3 Ryan McGinnis            Mark Mitera                                       20     1   2  2  
 4 Brendan Mikkelson        Andrej Sekera                                     10     1   2  2  

PowerPlay Forward 
   Center                   Left Wing                Right Wing               Time % Phy DF OF 
 1 Colin Wilson             Brad Marchand            Jonathan Ferland         60     1   1  3  
 2 Vladimir Sobotka         Stephane Veilleux        Vladimir Zharkov         40     1   1  3  

PowerPlay Defense
   Defense                  Defense                                           Time % Phy DF OF 
 1 Andrej Meszaros          Andrej Sekera                                     60     1   1  3  
 2 Brendan Mikkelson        Yannick Weber                                     40     1   1  3  

Penalty Kill 4 Players Forward 
   Center                   Wing                     Time % Phy DF OF 
 1 Brian Boyle              Jonathan Ferland         60     1   4  0  
 2 Vladimir Sobotka         Brad Marchand            40     1   4  0  

Penalty Kill 4 Players Defense
   Defense                  Defense                  Time % Phy DF OF 
 1 Andrej Meszaros          Andrej Sekera            60     1   4  0  
 2 Brendan Mikkelson        Mark Mitera              40     1   4  0  

Penalty Kill - 3 Players Forward 
   Forward                                           Time % Phy DF OF 
 1 Vladimir Sobotka                                  60     1   4  0  
 2 Brad Marchand                                     40     1   4  0  

Penalty Kill - 3 Players Defense
   Defense                  Defense                  Time % Phy DF OF 
 1 Andrej Meszaros          Andrej Sekera            60     1   4  0  
 2 Brendan Mikkelson        Mark Mitera              40     1   4  0  

4 vs 4 Forward 
   Center                   Wing                     Time % Phy DF OF 
 1 Colin Wilson             Brad Marchand            60     1   2  2  
 2 Vladimir Sobotka         Jonathan Ferland         40     1   2  2  

4 vs 4 Defense
   Defense                  Defense                  Time % Phy DF OF 
 1 Andrej Meszaros          Andrej Sekera            60     1   2  2  
 2 Brendan Mikkelson        Yannick Weber            40     1   2  2  

Last Minutes Offensive
   Center                   Left Wing                Right Wing               Defense                  Defense                  
   Colin Wilson             Brad Marchand            Jonathan Ferland         Andrej Meszaros          Andrej Sekera            

Last Minutes Defensive
   Center                   Left Wing                Right Wing               Defense                  Defense                  
   Vladimir Sobotka         Brad Marchand            Jonathan Ferland         Andrej Meszaros          Andrej Sekera            

Goaltenders
Starting : Josh Harding             
Backup : Jonathan Boutin          

Extra Forwards
Normal : Brad Marchand, Jonathan Ferland, Vladimir Sobotka - PP : Stephane Veilleux, Cal O'Reilly - PK : Brad Marchand
Extra Defensemen
Normal : Andrej Sekera, Brendan Mikkelson, Yannick Weber - PP : Yannick Weber - PK : Brendan Mikkelson, Andrej Sekera
Penalty Shots
Stephane Veilleux, Colin Wilson, Brad Marchand, Jonathan Ferland, Vladimir Zharkov

% Time on Ice - National

Lines # - Real PCT - Wanted PCT - Time Play
Normal Forward
1 - 37% - 40% - 14:36
2 - 29% - 30% - 11:38
3 - 18% - 20% - 7:16
4 - 16% - 10% - 6:26
Normal Defense
1 - 42% - 40% - 16:48
2 - 31% - 30% - 12:31
3 - 26% - 20% - 10:22
4 - 1% - 10% - 0:15
PP Forward
1 - 60% - 60% - 4:55
2 - 40% - 40% - 3:15
PP Defense
1 - 66% - 60% - 5:25
2 - 34% - 40% - 2:45
PK Forward
1 - 68% - 60% - 8:07
2 - 32% - 40% - 3:47
PK Defense
1 - 55% - 60% - 6:33
2 - 45% - 40% - 5:21
PK3 Forward
1 - 0% - 60%
2 - 0% - 40%
PK3 Defense
1 - 0% - 60%
2 - 0% - 40%
44 Forward
1 - 0% - 60%
2 - 0% - 40%
44 Defense
1 - 0% - 60%
2 - 0% - 40%
Last Minute Offensive  - 0:00
Last Minute Defensive  - 0:00
Total
Forward - 60:00
Defense - 60:00

% Time on Ice - Inferno

Lines # - Real PCT - Wanted PCT - Time Play
Normal Forward
1 - 35% - 40% - 13:48
2 - 26% - 30% - 10:11
3 - 20% - 20% - 7:53
4 - 20% - 10% - 8:04
Normal Defense
1 - 39% - 40% - 15:45
2 - 34% - 30% - 13:25
3 - 25% - 20% - 10:08
4 - 2% - 10% - 0:38
PP Forward
1 - 49% - 60% - 5:52
2 - 51% - 40% - 6:02
PP Defense
1 - 53% - 60% - 6:17
2 - 47% - 40% - 5:37
PK Forward
1 - 66% - 60% - 5:22
2 - 34% - 40% - 2:48
PK Defense
1 - 70% - 60% - 5:44
2 - 30% - 40% - 2:26
PK3 Forward
1 - 0% - 60%
2 - 0% - 40%
PK3 Defense
1 - 0% - 60%
2 - 0% - 40%
44 Forward
1 - 0% - 60%
2 - 0% - 40%
44 Defense
1 - 0% - 60%
2 - 0% - 40%
Last Minute Offensive  - 0:00
Last Minute Defensive  - 0:00
Total
Forward - 60:00
Defense - 60:00

Play by Play

1st period


0:01 of 1st period - Colin Wilson wins face-off versus Guillaume Desbiens in neutral zone.
0:26 of 1st period - Stephane Veilleux is hit by David Desharnais and loses puck.
1:01 of 1st period - Slapshot by Vladimir Zharkov.
1:01 of 1st period - Shot Misses the Net.
1:13 of 1st period - Snap shot by Alex Berry.
1:13 of 1st period - Stopped by Keith Kinkaid with a rebound.
1:15 of 1st period - Slapshot by Mark Mitera.
1:15 of 1st period - Shot Blocked by Erik Gustafsson.
1:17 of 1st period - Slapshot by Mark Mitera.
1:17 of 1st period - Goal by Mark Mitera - National : 0 - Inferno : 1.
1:18 of 1st period - Colin Wilson wins face-off versus Mikael Backlund in neutral zone.
1:23 of 1st period - Snap shot by Brad Marchand.
1:23 of 1st period - Shot Blocked by Philip Larsen.
1:29 of 1st period - Wrist shot by Rico Fata.
1:29 of 1st period - Shot Misses the Net.
1:31 of 1st period - Slapshot by Philip Larsen.
1:31 of 1st period - Stopped by Josh Harding without a rebound.
1:32 of 1st period - David Desharnais wins face-off versus Vladimir Sobotka in Inferno zone.
1:46 of 1st period - Minor Penalty to Pavel Vorobiev for Hooking.
1:47 of 1st period - Brian Boyle wins face-off versus Mikael Backlund in Inferno zone.
2:13 of 1st period - Brian Boyle is hit by Pasi Salonen and loses puck.
2:32 of 1st period - Wrist shot by Jonathan Ferland.
2:32 of 1st period - Goal by Jonathan Ferland - National : 0 - Inferno : 2.
2:33 of 1st period - Brad Marchand wins face-off versus Rico Fata in neutral zone.
3:00 of 1st period - Andrej Meszaros is hit by Jonathan Cheechoo and loses puck.
3:46 of 1st period - Penalty to Pavel Vorobiev is over, Pavel Vorobiev is back on ice.
3:52 of 1st period - Snap shot by Pavel Vorobiev.
3:52 of 1st period - Stopped by Keith Kinkaid without a rebound.
3:53 of 1st period - Cal O'Reilly wins face-off versus Chris Mueller in National zone.
3:54 of 1st period - Wrist shot by Alex Berry.
3:54 of 1st period - Stopped by Keith Kinkaid with a rebound.
3:56 of 1st period - Slapshot by Mark Mitera.
3:56 of 1st period - Stopped by Keith Kinkaid without a rebound.
3:57 of 1st period - Vladimir Sobotka wins face-off versus Mikael Backlund in National zone.
4:13 of 1st period - Minor Penalty to Dustin Kohn for Tripping.
4:14 of 1st period - Colin Wilson wins face-off versus Rico Fata in National zone.
6:13 of 1st period - Penalty to Dustin Kohn is over, Dustin Kohn is back on ice.
6:14 of 1st period - Icing by Rico Fata.
6:15 of 1st period - Guillaume Desbiens wins face-off versus Cal O'Reilly in National zone.
6:20 of 1st period - Andrej Meszaros is hit by Guillaume Desbiens and loses puck.
6:53 of 1st period - Slapshot by Pat Dwyer.
6:53 of 1st period - Stopped by Josh Harding with a rebound.
6:55 of 1st period - Slapshot by Denis Bodrov.
6:55 of 1st period - Deflect By Pat Dwyer.
6:55 of 1st period - Stopped by Josh Harding with a rebound.
7:01 of 1st period - Minor Penalty to David Ullstrom for Slashing.
7:02 of 1st period - Mikael Backlund wins face-off versus Brian Boyle in Inferno zone.
7:36 of 1st period - Off-side.
7:37 of 1st period - David Desharnais wins face-off versus Vladimir Sobotka in neutral zone.
8:11 of 1st period - Brad Marchand is hit by Pasi Salonen.
8:15 of 1st period - Vladimir Sobotka is hit by Pasi Salonen and loses puck.
8:32 of 1st period - Snap shot by Pasi Salonen.
8:32 of 1st period - Deflect By David Desharnais.
8:32 of 1st period - Shot Blocked by Brad Marchand.
8:32 of 1st period - Puck is out of play.
8:33 of 1st period - Mikael Backlund wins face-off versus Brian Boyle in Inferno zone.
9:01 of 1st period - Penalty to David Ullstrom is over, David Ullstrom is back on ice.
10:06 of 1st period - Pasi Salonen is hit by Andrej Sekera and loses puck.
11:07 of 1st period - Minor Penalty to Dustin Kohn for Holding.
11:08 of 1st period - Rico Fata wins face-off versus Colin Wilson in National zone.
12:17 of 1st period - Icing by Vladimir Sobotka.
12:18 of 1st period - Colin Wilson wins face-off versus Rico Fata in Inferno zone.
13:07 of 1st period - Penalty to Dustin Kohn is over, Dustin Kohn is back on ice.
13:20 of 1st period - Icing by Johannes Salmonsson.
13:21 of 1st period - Cal O'Reilly wins face-off versus Chris Mueller in National zone.
13:24 of 1st period - Wrist shot by Alex Berry.
13:24 of 1st period - Shot Misses the Net.
13:26 of 1st period - Snap shot by Mark Mitera.
13:26 of 1st period - Stopped by Keith Kinkaid with a rebound.
13:28 of 1st period - Snap shot by Vladimir Sobotka.
13:28 of 1st period - Shot Misses the Net.
13:30 of 1st period - Snap shot by Stephane Veilleux.
13:30 of 1st period - Shot Misses the Net.
13:34 of 1st period - Snap shot by Stephane Veilleux.
13:34 of 1st period - Stopped by Keith Kinkaid without a rebound.
13:35 of 1st period - Brian Boyle wins face-off versus Mikael Backlund in National zone.
13:41 of 1st period - Icing by Rico Fata.
13:42 of 1st period - Mikael Backlund wins face-off versus Brian Boyle in National zone.
13:42 of 1st period - Mikael Backlund is hit by Vladimir Zharkov.
14:54 of 1st period - Wrist shot by Alex Berry.
14:54 of 1st period - Shot Misses the Net.
15:32 of 1st period - Snap shot by Brad Marchand.
15:32 of 1st period - Goal by Brad Marchand - National : 0 - Inferno : 3.
15:33 of 1st period - Jonathan Ferland wins face-off versus Mikael Backlund in neutral zone.
15:36 of 1st period - Wrist shot by Jonathan Ferland.
15:36 of 1st period - Shot Blocked by Mikael Backlund.
15:38 of 1st period - Slapshot by Andrej Meszaros.
15:38 of 1st period - Stopped by Keith Kinkaid with a rebound.
15:40 of 1st period - Slapshot by Andrej Sekera.
15:40 of 1st period - Shot Blocked by Dustin Kohn.
15:42 of 1st period - Wrist shot by Colin Wilson.
15:42 of 1st period - Shot Misses the Net.
15:44 of 1st period - Snap shot by Jonathan Ferland.
15:44 of 1st period - Deflect By Colin Wilson.
15:44 of 1st period - Goal by Colin Wilson - National : 0 - Inferno : 4.
15:44 of 1st period - Tyler Plante enters game.
15:45 of 1st period - Mikael Backlund wins face-off versus Jonathan Ferland in neutral zone.
15:45 of 1st period - Andrej Sekera and Mikael Backlund fight to a draw.
15:45 of 1st period - Penalty to Andrej Sekera for Fighting.
15:45 of 1st period - Penalty to Mikael Backlund for Fighting.
15:46 of 1st period - Johannes Salmonsson wins face-off versus Colin Wilson in neutral zone.
15:53 of 1st period - Backhand shot by Guillaume Desbiens.
15:53 of 1st period - Shot Misses the Net.
16:20 of 1st period - Slapshot by Stephane Veilleux.
16:20 of 1st period - Shot Misses the Net.
16:39 of 1st period - Off-side.
16:40 of 1st period - Colin Wilson wins face-off versus Cédric Lalonde-McNicoll in neutral zone.
16:59 of 1st period - Snap shot by Igor Makarov.
16:59 of 1st period - Stopped by Josh Harding with a rebound.
17:01 of 1st period - Slapshot by Philip Larsen.
17:01 of 1st period - Shot Blocked by Brendan Mikkelson.
17:09 of 1st period - Snap shot by Cédric Lalonde-McNicoll.
17:09 of 1st period - Deflect By Igor Makarov.
17:09 of 1st period - Shot Misses the Net.
17:09 of 1st period - Puck is out of play.
17:10 of 1st period - Vladimir Sobotka wins face-off versus Johannes Salmonsson in Inferno zone.
18:27 of 1st period - Snap shot by Alex Berry.
18:27 of 1st period - Shot Misses the Net.
18:47 of 1st period - Snap shot by Pavel Vorobiev.
18:47 of 1st period - Stopped by Tyler Plante without a rebound.
18:48 of 1st period - Colin Wilson wins face-off versus Chris Mueller in National zone.
18:53 of 1st period - Snap shot by Jonathan Ferland.
18:53 of 1st period - Stopped by Tyler Plante with a rebound.
19:02 of 1st period - Minor Penalty to Colin Wilson for High sticking.
19:03 of 1st period - Johannes Salmonsson wins face-off versus Brian Boyle in Inferno zone.
19:19 of 1st period - Slapshot by Dustin Kohn.
19:19 of 1st period - Stopped by Josh Harding with a rebound.
19:33 of 1st period - Wrist shot by Rico Fata.
19:33 of 1st period - Shot Misses the Net.
Goals for this period are 0 for National vs 4 for Inferno.
Shots for this period are 5 for National vs 13 for Inferno.

2nd period


0:01 of 2nd period - Brian Boyle wins face-off versus Johannes Salmonsson in neutral zone.
0:07 of 2nd period - Off-side.
0:08 of 2nd period - Johannes Salmonsson wins face-off versus Brian Boyle in neutral zone.
0:19 of 2nd period - Snap shot by Guillaume Desbiens.
0:19 of 2nd period - Shot Misses the Net.
0:21 of 2nd period - Slapshot by Dustin Kohn.
0:21 of 2nd period - Stopped by Josh Harding without a rebound.
0:22 of 2nd period - Rico Fata wins face-off versus Brian Boyle in Inferno zone.
0:45 of 2nd period - Penalty to Andrej Sekera is over, Andrej Sekera is back on ice.
0:47 of 2nd period - Jonathan Ferland is hit by David Desharnais and loses puck.
0:52 of 2nd period - Slapshot by David Desharnais.
0:52 of 2nd period - Stopped by Josh Harding without a rebound.
0:53 of 2nd period - David Desharnais wins face-off versus Jonathan Ferland in Inferno zone.
0:54 of 2nd period - Slapshot by Pasi Salonen.
0:54 of 2nd period - Stopped by Josh Harding with a rebound.
0:56 of 2nd period - Slapshot by Jonathan Cheechoo.
0:56 of 2nd period - Shot Blocked by Andrej Meszaros.
0:58 of 2nd period - Snap shot by Ty Wishart.
0:58 of 2nd period - Stopped by Josh Harding without a rebound.
0:59 of 2nd period - Mikael Backlund wins face-off versus Brian Boyle in Inferno zone.
1:00 of 2nd period - Wrist shot by Guillaume Desbiens.
1:00 of 2nd period - Goal by Guillaume Desbiens - National : 1 - Inferno : 4.
1:01 of 2nd period - Mikael Backlund wins face-off versus Colin Wilson in neutral zone.
1:12 of 2nd period - Slapshot by Jonathan Ferland.
1:12 of 2nd period - Stopped by Tyler Plante with a rebound.
1:14 of 2nd period - Slapshot by Yannick Weber.
1:14 of 2nd period - Shot Misses the Net.
1:16 of 2nd period - Wrist shot by Colin Wilson.
1:16 of 2nd period - Shot Misses the Net.
1:35 of 2nd period - Snap shot by Guillaume Desbiens.
1:35 of 2nd period - Stopped by Josh Harding with a rebound.
1:41 of 2nd period - Mikael Backlund is hit by Brendan Mikkelson and loses puck.
2:05 of 2nd period - Slapshot by David Desharnais.
2:05 of 2nd period - Stopped by Josh Harding with a rebound.
2:39 of 2nd period - Snap shot by Cal O'Reilly.
2:39 of 2nd period - Stopped by Tyler Plante with a rebound.
2:54 of 2nd period - Icing by Alex Berry.
2:55 of 2nd period - David Desharnais wins face-off versus Cal O'Reilly in Inferno zone.
3:28 of 2nd period - Wrist shot by Guillaume Desbiens.
3:28 of 2nd period - Stopped by Josh Harding with a rebound.
3:42 of 2nd period - Snap shot by Ty Wishart.
3:42 of 2nd period - Shot Misses the Net.
4:30 of 2nd period - Backhand shot by Mikael Backlund.
4:30 of 2nd period - Goal by Mikael Backlund - National : 2 - Inferno : 4.
4:31 of 2nd period - Mikael Backlund wins face-off versus Colin Wilson in neutral zone.
4:46 of 2nd period - Jonathan Ferland is hit by Denis Bodrov.
5:41 of 2nd period - Slapshot by Cal O'Reilly.
5:41 of 2nd period - Shot Misses the Net.
6:26 of 2nd period - Slapshot by Pasi Salonen.
6:26 of 2nd period - Stopped by Josh Harding without a rebound.
6:27 of 2nd period - Colin Wilson wins face-off versus Mikael Backlund in Inferno zone.
6:38 of 2nd period - Off-side.
6:39 of 2nd period - Mikael Backlund wins face-off versus Colin Wilson in neutral zone.
6:54 of 2nd period - Wrist shot by Jonathan Ferland.
6:54 of 2nd period - Shot Misses the Net.
7:04 of 2nd period - Vladimir Sobotka is hit by Jonathan Cheechoo and loses puck.
7:09 of 2nd period - Snap shot by Dustin Kohn.
7:09 of 2nd period - Deflect By Pasi Salonen.
7:09 of 2nd period - Stopped by Josh Harding with a rebound.
7:28 of 2nd period - Icing by Vladimir Zharkov.
7:29 of 2nd period - Brian Boyle wins face-off versus Chris Mueller in Inferno zone.
7:44 of 2nd period - Wrist shot by Johannes Salmonsson.
7:44 of 2nd period - Stopped by Josh Harding with a rebound.
8:03 of 2nd period - Snap shot by Brian Boyle.
8:03 of 2nd period - Stopped by Tyler Plante without a rebound.
8:04 of 2nd period - Colin Wilson wins face-off versus Mikael Backlund in National zone.
8:29 of 2nd period - Pavel Vorobiev is hit by Dustin Kohn and loses puck.
8:36 of 2nd period - Wrist shot by Jonathan Cheechoo.
8:36 of 2nd period - Stopped by Josh Harding without a rebound.
8:37 of 2nd period - David Desharnais wins face-off versus Colin Wilson in Inferno zone.
8:48 of 2nd period - Slapshot by Jonathan Ferland.
8:48 of 2nd period - Deflect By Brad Marchand.
8:48 of 2nd period - Stopped by Tyler Plante with a rebound.
8:50 of 2nd period - Wrist shot by Andrej Meszaros.
8:50 of 2nd period - Stopped by Tyler Plante without a rebound.
8:51 of 2nd period - Colin Wilson wins face-off versus Mikael Backlund in National zone.
9:02 of 2nd period - Snap shot by Colin Wilson.
9:02 of 2nd period - Shot Misses the Net.
9:04 of 2nd period - Wrist shot by Brendan Mikkelson.
9:04 of 2nd period - Shot Misses the Net.
9:06 of 2nd period - Slapshot by Yannick Weber.
9:06 of 2nd period - Shot Misses the Net.
9:23 of 2nd period - Wrist shot by Pavel Vorobiev.
9:23 of 2nd period - Shot Misses the Net.
9:48 of 2nd period - Icing by Pat Dwyer.
9:49 of 2nd period - Colin Wilson wins face-off versus Chris Mueller in National zone.
10:14 of 2nd period - Snap shot by Guillaume Desbiens.
10:14 of 2nd period - Shot Blocked by Pavel Vorobiev.
10:16 of 2nd period - Slapshot by Rico Fata.
10:16 of 2nd period - Stopped by Josh Harding with a rebound.
10:18 of 2nd period - Slapshot by Mikael Backlund.
10:18 of 2nd period - Goal by Mikael Backlund - National : 3 - Inferno : 4.
10:19 of 2nd period - Colin Wilson wins face-off versus Mikael Backlund in neutral zone.
10:21 of 2nd period - Andrej Meszaros is hit by Guillaume Desbiens.
10:24 of 2nd period - Minor Penalty to Guillaume Desbiens for High sticking.
10:25 of 2nd period - Colin Wilson wins face-off versus Rico Fata in National zone.
10:33 of 2nd period - Slapshot by Andrej Meszaros.
10:33 of 2nd period - Shot Blocked by Denis Bodrov.
10:35 of 2nd period - Slapshot by Andrej Meszaros.
10:35 of 2nd period - Shot Blocked by Denis Bodrov.
10:51 of 2nd period - Dustin Kohn is hit by Vladimir Sobotka and loses puck.
12:24 of 2nd period - Penalty to Guillaume Desbiens is over, Guillaume Desbiens is back on ice.
12:29 of 2nd period - Jonathan Cheechoo is hit by Stephane Veilleux and loses puck.
12:48 of 2nd period - Slapshot by Igor Makarov.
12:48 of 2nd period - Shot Blocked by Brian Boyle.
13:55 of 2nd period - Andrej Sekera is hit by Ty Wishart and loses puck.
15:30 of 2nd period - Brendan Mikkelson is hit by Pasi Salonen and loses puck.
15:45 of 2nd period - Yannick Weber is hit by Guillaume Desbiens and loses puck.
16:05 of 2nd period - Off-side.
16:06 of 2nd period - Chris Mueller wins face-off versus Colin Wilson in neutral zone.
16:09 of 2nd period - Wrist shot by Johannes Salmonsson.
16:09 of 2nd period - Stopped by Josh Harding without a rebound.
16:10 of 2nd period - Colin Wilson wins face-off versus Chris Mueller in Inferno zone.
16:10 of 2nd period - Colin Wilson is hit by Johannes Salmonsson.
16:13 of 2nd period - Minor Penalty to Brad Marchand for Hooking.
16:14 of 2nd period - Brian Boyle wins face-off versus Mikael Backlund in Inferno zone.
16:14 of 2nd period - Brian Boyle is hit by Guillaume Desbiens.
16:25 of 2nd period - Wrist shot by Mikael Backlund.
16:25 of 2nd period - Deflect By Guillaume Desbiens.
16:25 of 2nd period - Stopped by Josh Harding with a rebound.
16:47 of 2nd period - Snap shot by Pasi Salonen.
16:47 of 2nd period - Shot Misses the Net.
16:49 of 2nd period - Wrist shot by Pasi Salonen.
16:49 of 2nd period - Shot Misses the Net.
17:05 of 2nd period - Jonathan Ferland is hit by Philip Larsen and loses puck.
18:09 of 2nd period - David Desharnais is hit by Brian Boyle and loses puck.
18:13 of 2nd period - Penalty to Brad Marchand is over, Brad Marchand is back on ice.
18:29 of 2nd period - Andrej Meszaros is hit by Johannes Salmonsson and loses puck.
18:41 of 2nd period - Icing by Johannes Salmonsson.
18:42 of 2nd period - Colin Wilson wins face-off versus Chris Mueller in National zone.
18:43 of 2nd period - Wrist shot by Brad Marchand.
18:43 of 2nd period - Shot Blocked by Chris Mueller.
18:45 of 2nd period - Wrist shot by Jonathan Ferland.
18:45 of 2nd period - Stopped by Tyler Plante without a rebound.
18:46 of 2nd period - Colin Wilson wins face-off versus Mikael Backlund in National zone.
19:05 of 2nd period - Minor Penalty to Brad Marchand for Hooking.
19:06 of 2nd period - Brian Boyle wins face-off versus Mikael Backlund in Inferno zone.
19:06 of 2nd period - Brian Boyle is hit by Guillaume Desbiens.
19:18 of 2nd period - Snap shot by Mikael Backlund.
19:18 of 2nd period - Shot Misses the Net.
19:20 of 2nd period - Wrist shot by Rico Fata.
19:20 of 2nd period - Goal by Rico Fata - National : 4 - Inferno : 4.
19:21 of 2nd period - Brad Marchand wins face-off versus Rico Fata in neutral zone.
19:52 of 2nd period - Andrej Meszaros is hit by Jonathan Cheechoo and loses puck.
Goals for this period are 4 for National vs 0 for Inferno.
Shots for this period are 18 for National vs 6 for Inferno.

3rd period


0:01 of 3rd period - Mikael Backlund wins face-off versus Colin Wilson in neutral zone.
0:10 of 3rd period - Slapshot by Mikael Backlund.
0:10 of 3rd period - Goal by Mikael Backlund - National : 5 - Inferno : 4.
0:11 of 3rd period - Colin Wilson wins face-off versus Mikael Backlund in neutral zone.
0:24 of 3rd period - Slapshot by Guillaume Desbiens.
0:24 of 3rd period - Shot Misses the Net.
1:17 of 3rd period - Wrist shot by Stephane Veilleux.
1:17 of 3rd period - Shot Misses the Net.
1:34 of 3rd period - Brendan Mikkelson is hit by Philip Larsen and loses puck.
1:51 of 3rd period - Slapshot by Ty Wishart.
1:51 of 3rd period - Stopped by Josh Harding with a rebound.
1:53 of 3rd period - Snap shot by Cédric Lalonde-McNicoll.
1:53 of 3rd period - Goal by Cédric Lalonde-McNicoll - National : 6 - Inferno : 4.
1:53 of 3rd period - Jonathan Boutin enters game.
1:54 of 3rd period - Mikael Backlund wins face-off versus Jonathan Ferland in neutral zone.
2:19 of 3rd period - Stephane Veilleux is hit by Dustin Kohn and loses puck.
2:27 of 3rd period - Icing by Vladimir Sobotka.
2:28 of 3rd period - David Desharnais wins face-off versus Vladimir Sobotka in Inferno zone.
2:41 of 3rd period - Pasi Salonen is hit by Pavel Vorobiev and loses puck.
3:00 of 3rd period - Wrist shot by Vladimir Sobotka.
3:00 of 3rd period - Shot Misses the Net.
3:02 of 3rd period - Snap shot by Brendan Mikkelson.
3:02 of 3rd period - Stopped by Tyler Plante with a rebound.
3:04 of 3rd period - Snap shot by Stephane Veilleux.
3:04 of 3rd period - Stopped by Tyler Plante with a rebound.
3:06 of 3rd period - Snap shot by Vladimir Sobotka.
3:06 of 3rd period - Stopped by Tyler Plante with a rebound.
3:20 of 3rd period - Snap shot by Pavel Vorobiev.
3:20 of 3rd period - Stopped by Tyler Plante with a rebound.
3:22 of 3rd period - Slapshot by Brendan Mikkelson.
3:22 of 3rd period - Stopped by Tyler Plante without a rebound.
3:23 of 3rd period - Mikael Backlund wins face-off versus Colin Wilson in National zone.
3:28 of 3rd period - Guillaume Desbiens is hit by Andrej Sekera and loses puck.
3:49 of 3rd period - Brian Boyle is hit by Dustin Kohn and loses puck.
4:12 of 3rd period - Wrist shot by Igor Makarov.
4:12 of 3rd period - Deflect By Cédric Lalonde-McNicoll.
4:12 of 3rd period - Shot Misses the Net.
4:12 of 3rd period - Puck is out of play.
4:13 of 3rd period - Magnus Paajarvi-Svensson wins face-off versus Cal O'Reilly in Inferno zone.
4:16 of 3rd period - Wrist shot by Igor Makarov.
4:16 of 3rd period - Shot Blocked by Andrej Sekera.
4:18 of 3rd period - Slapshot by Philip Larsen.
4:18 of 3rd period - Shot Misses the Net.
4:34 of 3rd period - Slapshot by Andrej Meszaros.
4:34 of 3rd period - Shot Blocked by Guillaume Desbiens.
4:56 of 3rd period - Yannick Weber is hit by Ty Wishart.
5:38 of 3rd period - Snap shot by Matt Kassian.
5:38 of 3rd period - Shot Blocked by Ty Wishart.
5:40 of 3rd period - Wrist shot by Matt Kassian.
5:40 of 3rd period - Stopped by Tyler Plante with a rebound.
5:42 of 3rd period - Slapshot by Brendan Mikkelson.
5:42 of 3rd period - Deflect By Mikael Backlund.
5:42 of 3rd period - Stopped by Tyler Plante without a rebound.
5:43 of 3rd period - Colin Wilson wins face-off versus David Desharnais in National zone.
5:43 of 3rd period - Colin Wilson is hit by Pasi Salonen.
5:55 of 3rd period - Wrist shot by Brad Marchand.
5:55 of 3rd period - Stopped by Tyler Plante with a rebound.
5:57 of 3rd period - Slapshot by Andrej Sekera.
5:57 of 3rd period - Shot Blocked by Jonathan Cheechoo.
5:59 of 3rd period - Slapshot by Andrej Sekera.
5:59 of 3rd period - Stopped by Tyler Plante with a rebound.
6:05 of 3rd period - Minor Penalty to Dustin Kohn for Tripping.
6:06 of 3rd period - Rico Fata wins face-off versus Brad Marchand in National zone.
6:41 of 3rd period - Wrist shot by Vladimir Sobotka.
6:41 of 3rd period - Stopped by Tyler Plante with a rebound.
6:59 of 3rd period - Jonathan Cheechoo is hit by Brendan Mikkelson and loses puck.
7:48 of 3rd period - Jonathan Ferland is hit by Ty Wishart and loses puck.
8:05 of 3rd period - Penalty to Dustin Kohn is over, Dustin Kohn is back on ice.
8:09 of 3rd period - Dustin Kohn is hit by Matt Kassian.
8:19 of 3rd period - Johannes Salmonsson is hit by Matt Kassian and loses puck.
8:34 of 3rd period - Ryan McGinnis is hit by Dustin Kohn and loses puck.
8:41 of 3rd period - Snap shot by Igor Makarov.
8:41 of 3rd period - Stopped by Jonathan Boutin with a rebound.
8:43 of 3rd period - Slapshot by Erik Gustafsson.
8:43 of 3rd period - Stopped by Jonathan Boutin without a rebound.
8:44 of 3rd period - Matt Kassian wins face-off versus Chris Mueller in Inferno zone.
8:48 of 3rd period - Minor Penalty to Pat Dwyer for Tripping.
8:49 of 3rd period - Rico Fata wins face-off versus Colin Wilson in National zone.
8:49 of 3rd period - Rico Fata is hit by Jonathan Ferland.
9:00 of 3rd period - Snap shot by Brad Marchand.
9:00 of 3rd period - Shot Misses the Net.
9:17 of 3rd period - Off-side.
9:18 of 3rd period - Guillaume Desbiens wins face-off versus Vladimir Sobotka in neutral zone.
9:21 of 3rd period - Vladimir Sobotka is hit by Jonathan Cheechoo and loses puck.
9:30 of 3rd period - Slapshot by Brendan Mikkelson.
9:30 of 3rd period - Shot Blocked by Guillaume Desbiens.
9:32 of 3rd period - Snap shot by Stephane Veilleux.
9:32 of 3rd period - Shot Misses the Net.
10:25 of 3rd period - Dustin Kohn is hit by Vladimir Zharkov and loses puck.
10:36 of 3rd period - Backhand shot by Stephane Veilleux.
10:36 of 3rd period - Stopped by Tyler Plante without a rebound.
10:37 of 3rd period - Rico Fata wins face-off versus Colin Wilson in National zone.
10:48 of 3rd period - Penalty to Pat Dwyer is over, Pat Dwyer is back on ice.
10:59 of 3rd period - Snap shot by Pat Dwyer.
10:59 of 3rd period - Deflect By Rico Fata.
10:59 of 3rd period - Shot Blocked by Alex Berry.
10:59 of 3rd period - Puck is out of play.
11:00 of 3rd period - Chris Mueller wins face-off versus Cal O'Reilly in Inferno zone.
11:27 of 3rd period - Kristoffer Berglund is hit by Jonathan Ferland.
11:43 of 3rd period - Minor Penalty to Pasi Salonen for Hooking.
11:44 of 3rd period - Rico Fata wins face-off versus Colin Wilson in National zone.
12:16 of 3rd period - Wrist shot by Stephane Veilleux.
12:16 of 3rd period - Stopped by Tyler Plante with a rebound.
12:18 of 3rd period - Slapshot by Andrej Meszaros.
12:18 of 3rd period - Stopped by Tyler Plante with a rebound.
13:43 of 3rd period - Penalty to Pasi Salonen is over, Pasi Salonen is back on ice.
13:49 of 3rd period - Pasi Salonen is hit by Mark Mitera and loses puck.
13:58 of 3rd period - Slapshot by Philip Larsen.
13:58 of 3rd period - Stopped by Jonathan Boutin with a rebound.
14:21 of 3rd period - Wrist shot by Mikael Backlund.
14:21 of 3rd period - Shot Misses the Net.
15:01 of 3rd period - Igor Makarov is hit by Alex Berry and loses puck.
16:16 of 3rd period - Matt Kassian is hit by Guillaume Desbiens.
16:31 of 3rd period - Alex Berry is hit by Pasi Salonen and loses puck.
17:50 of 3rd period - Erik Gustafsson is hit by Andrej Meszaros.
19:52 of 3rd period - Ty Wishart is hit by Brad Marchand and loses puck.
Goals for this period are 2 for National vs 0 for Inferno.
Shots for this period are 6 for National vs 13 for Inferno.


Output by the SimonT Hockey Simulator (STHS) for François Prévost -- Original Page W3C XHTML 1.0 Valid
Hockey Simulator - Hockey Simulation - Hockey Manager